 Dungeon Crawl Stone Soup version 0.21.1-1-g345015f (webtiles) character file.

100 Hebeh the Shield-Bearer (level 4, -2/42 HPs)
             Began as a Deep Dwarf Fighter on June 16, 2018.
             Slain by Sigmund
             ... wielding a +0 scythe
              (8 damage)
             ... on level 2 of the Dungeon.
             The game lasted 00:06:56 (1224 turns).

Hebeh the Shield-Bearer (Deep Dwarf Fighter)        Turns: 1224, Time: 00:06:57

Health: -2/42      AC:  7    Str: 20    XL:     4   Next: 47%
Magic:  3/3        EV:  7    Int:  9    God:
Gold:   58         SH:  9    Dex: 12    Spells: 3/3 levels left

rFire    . . .     SeeInvis .   g - -2 hand axe (curse)
rCold    . . .     Gourm    .   c - +0 shield
rNeg     . . .     Faith    .   b - +0 scale mail
rPois    .         Spirit   .   (no helmet)
rElec    .         Reflect  .   (no cloak)
rCorr    .         Harm     .   (no gloves)
MR       .....                  (no boots)
Stlth    ..........             (no amulet)
HPRegen  0.00/turn              (no ring)
MPRegen  0.08/turn              (no ring)

@: non-regenerating
A: damage resistance, heal wounds, sense surroundings 1, no regeneration
a: Heal Wounds


You were on level 2 of the Dungeon.
You were not hungry.

You visited 1 branch of the dungeon, and saw 2 of its levels.

You collected 58 gold pieces.

Inventory:

Hand Weapons
 a - a +0 war axe
 g - a cursed -2 hand axe (weapon)
Armour
 b - a +0 scale mail (worn)
 c - a +0 shield (worn)
Jewellery
 k - a +4 ring of protection {unknown}
Scrolls
 n - a scroll of identify {unknown}
Potions
 d - a potion of might
 e - a potion of curing {unknown}
 h - a potion of haste {unknown}
 i - 2 potions of heal wounds {unknown}
 j - a potion of brilliance {unknown}
 m - a potion of flight {unknown}
Comestibles
 f - 2 rations
 l - 5 chunks of flesh


   Skills:
 + Level 3.2 Fighting
 * Level 3.7 Axes
 + Level 3.9 Armour
 + Level 3.9 Shields


You had 3 spell levels left.
You didn't know any spells.

Dungeon Overview and Level Annotations

Branches:
Dungeon (2/15)

Altars:

Annotations:
D:2 Robin, Sigmund


Innate Abilities, Weirdness & Mutations

You are resistant to damage.
You can heal yourself by infusing magical energy.
You passively map a small area around you.
You do not regenerate.


Message History

You feel less confused. The goblin hits you.
* * * LOW HITPOINT WARNING * * *
Robin hits you with a club.
* * * LOW HITPOINT WARNING * * *
You block the goblin's attack. x2; Sigmund hits you but does no damage.
You fail to use your ability.
The goblin no longer looks unusually strong.
The goblin hits you but does no damage.
Robin roars a battlecry!
The goblin goes into a battle-frenzy!
The goblin hits you with a dagger.
* * * LOW HITPOINT WARNING * * *
The goblin barely misses you.
You fail to use your ability.
The goblin no longer looks unusually strong.
You block the goblin's attack.
Sigmund says, "You will soon forget everything."
Sigmund hits you from afar with a scythe!
You die...

.... * #...#....## *
....## .......#. * ,
.#.... ,,#..#....#. ,
.g..#.* * ,...######. ,
,, g....######..........
. #.......#..........
... * #@...............
, ,
.....###g)##............
,
......g@gg##.[..........
......##g...............
.....,..................
* ....
.#................ , ...
,................... ,
.. ..................##
. ............####.....
... .........# #...## ,
.........# #...#


You could see Sigmund, Robin and 4 goblins.

Vanquished Creatures
  Jessica (D:2)
  Terence (D:2)
  An adder (D:2)
  A dart slug (D:1)
  A leopard gecko (D:2)
  2 bats
  2 giant cockroaches (D:1)
  10 goblins
  7 hobgoblins
  3 kobolds
  2 frilled lizards (D:1)
  4 rats
35 creatures vanquished.

Notes
Turn   | Place    | Note
-------+----------+-------------------------------------------
     0 | D:1      | Hebeh the Deep Dwarf Fighter began the quest for the Orb.
     0 | D:1      | Reached XP level 1. HP: 20/20 MP: 1/1
   164 | D:1      | Reached XP level 2. HP: 27/27 MP: 2/2
   973 | D:2      | Reached XP level 3. HP: 26/33 MP: 3/3
   993 | D:2      | Noticed Terence
  1059 | D:2      | Killed Terence
  1173 | D:2      | Reached XP level 4. HP: 37/42 MP: 3/3
  1177 | D:2      | Noticed Jessica
  1190 | D:2      | Killed Jessica
  1201 | D:2      | Noticed Sigmund
  1209 | D:2      | Noticed Robin
  1224 | D:2      | Slain by Sigmund

Skill      XL: |  1  2  3 |
---------------+----------+-----
Axes           | 3 |  3.7
Fighting       | 3 |  3.2
Armour         | |  3.9
Shields        | |  3.9

Action                   |  1- 3 |  4- 6 || total
-------------------------+-------+-------++-------
Melee: War axe           |    67 |       ||    67
       Hand axe          |    76 |    31 ||   107
 Abil: Heal Wounds       |     1 |       ||     1
  Eat: Chunk             |     1 |       ||     1
Armor: Scale mail        |    66 |    26 ||    92
Dodge: Dodged            |    43 |    14 ||    57
Block: Shield            |    76 |    17 ||    93
